 Dungeon Crawl Stone Soup version 0.31-a0-538-gbc85326fa9 (webtiles) character file.

Game seed: 6332140193549774141

80 Zonian the Ruffian (level 4, -2/43 HPs)
             Began as an Octopode Shapeshifter on Aug 13, 2023.
             Slain by a cerulean imp
             ... wielding a +2 spear
             ... summoned by Natasha
              (6 damage)
             ... on level 2 of the Dungeon.
             The game lasted 00:02:04 (1540 turns).

Zonian the Ruffian (Octopode Shapeshifter)          Turns: 1540, Time: 00:02:05

Health: -2/43      AC: 22    Str: 16    XL:     4   Next: 39%
Magic:  4/4        EV:  2    Int: 10    God:
Gold:   63         SH:  0    Dex: 12    Spells: 3/3 levels left

rFire   . . .        j - +0 short sword
rCold   . . .        (no shield)
rNeg    . . .        (helmet currently unavailable)
rPois   +            (no amulet)
rElec   .            (no ring)
rCorr   .            (no ring)
SInv    .            (no ring)
Will    .....        (no ring)
Stlth   +            (no ring)
HPRegen 0.27/turn    (no ring)
MPRegen 0.09/turn    (no ring)
                     (no ring)

%: no passive effects
@: mighty, tree-form
A: stationary, stasis, torment immunity, boosted hp, almost no armour,
(amphibious), 8 rings, (camouflage 1), (gelatinous body 1), (nimble swimmer 1),
(tentacles), (iridescent scales 1), wild magic 1, MP-powered wands
a: no special abilities


You were on level 2 of the Dungeon.
You were a tree.
You visited 1 branch of the dungeon, and saw 2 of its levels.

You collected 63 gold pieces.

Inventory:

Hand Weapons
 j - a +0 short sword (weapon)
Talismans
 b - a beast talisman
 c - a flux talisman
Scrolls
 d - 2 scrolls of poison {unknown}
 f - 2 scrolls of teleportation {unknown}
 g - 4 scrolls of identify {unknown}
Potions
 h - a potion of curing {unknown}
 i - a potion of haste {unknown}
 k - a potion of mutation


   Skills:
 + Level 2.1 Fighting
 + Level 2.8 Dodging
 + Level 3.5 Unarmed Combat
 + Level 3.4 Shapeshifting


You had 3 spell levels left.
You didn't know any spells.
Your spell library contained the following spells:

 Spells                   Type           Power      Damage    Failure   Level
 Sublimation of Blood     Necr           0%         N/A       58%         2
 Wereblood                Tmut           0%         N/A       58%         2
 Summon Hydra             Summ           0%         N/A       100%        7


Dungeon Overview and Level Annotations

Branches:
Dungeon (2/15)

Altars:

Annotations:
D:2 Natasha


Innate Abilities, Weirdness & Mutations

You are a tree.
Your roots penetrate the ground, keeping you stationary.
You cannot be teleported.
You are immune to unholy pain and torment.
Your maximum health is greatly increased.
You cannot wear most types of armour.
((You are amphibious.))
You can wear up to eight rings at the same time.
((Your skin changes colour to match your surroundings (Stealth+).))
((Your rubbery body absorbs attacks. (AC +1, EV +1)))
((You are camouflaged when in or above water. (Stealth+)))
((You have tentacles for arms and can constrict up to eight enemies at once.))
((You are partially covered in iridescent scales. (AC +2)))
Your spells are a little harder to cast, but a little more powerful.
You expend magic power (3 MP) to strengthen your wands.


Message History

You see here a hobgoblin corpse.
Natasha mumbles some strange words.
You hit the cerulean imp. Your grab misses the cerulean imp.
The cerulean imp is lightly wounded.
Natasha mumbles some strange words.
The cerulean imp hits you with a +2 spear.
You barely miss the cerulean imp. Your grab misses the cerulean imp.
The cerulean imp is lightly wounded.
Natasha mumbles some strange words.
Natasha's front paws start to glow.
The cerulean imp hits you with a +2 spear.
* * * LOW HITPOINT WARNING * * *
You barely miss the cerulean imp. Your grab misses the cerulean imp.
The cerulean imp is lightly wounded.
The cerulean imp hits you with a +2 spear.
* * * LOW HITPOINT WARNING * * *
Unknown command.
Your transformation has ended.
You turn into a tree.
Your roots penetrate the ground.
The cerulean imp hits you with a +2 spear.
* * * LOW HITPOINT WARNING * * *
You hit the cerulean imp.
The cerulean imp is moderately wounded.
The cerulean imp hits you but does no damage.
Natasha howls an incantation.
You feel troubled.
Unknown command.
It was a potion of mutation.
You feel extremely strange.
You feel less in control of your magic.
You feel your magical essence link to the dungeon's wands.
Iridescent scales grow over part of your body.
The cerulean imp hits you with a +2 spear.
* * * LOW HITPOINT WARNING * * *
It was a potion of might.
You feel very mighty all of a sudden.
The cerulean imp hits you but does no damage.
You miss the cerulean imp.
The cerulean imp is lightly wounded.
The cerulean imp hits you with a +2 spear.
You die...

#####) .∩..∩..∩ ........
........ ##.∩..8..∩ #####
#.......g. #...# #†#.......
######...#############.#8..∩..♣
............55h5♣.†............
.........###############.......
......#### ∩..∩..♣ ......#
....... ......# ....... †.....#
8..8..∩ ......# ####### ......#
......########


You could see Natasha and 3 cerulean imps.

Vanquished Creatures
  Natasha (D:2)
  An adder (D:2)
  2 dart slugs (D:1)
  4 bats
  8 endoplasms
  5 goblins
  3 hobgoblins
  A kobold (D:1)
  2 quokkas
  6 ball pythons
  2 frilled lizards (D:1)
  6 rats
41 creatures vanquished.

Notes
Turn   | Place    | Note
-------+----------+-------------------------------------------
     0 | D:1      | Zonian the Octopode Shapeshifter began the quest for the
                  | Orb.
     0 | D:1      | Reached XP level 1. HP: 13/13 MP: 1/1
   285 | D:1      | Reached XP level 2. HP: 17/18 MP: 2/2
   856 | D:1      | Reached XP level 3. HP: 23/23 MP: 3/3
  1514 | D:2      | Noticed Natasha
  1520 | D:2      | Killed Natasha
  1521 | D:2      | Reached XP level 4. HP: 20/29 MP: 4/4
  1526 | D:2      | Noticed Natasha
  1538 | D:2      | Gained mutation: Your spells are a little harder to cast,
                  | but a little more powerful. [potion of mutation]
  1538 | D:2      | Gained mutation: You expend magic power (3 MP) to
                  | strengthen your wands. [potion of mutation]
  1538 | D:2      | Gained mutation: You are partially covered in iridescent
                  | scales. (AC +2) [potion of mutation]
  1540 | D:2      | Slain by a cerulean imp

Illustrated notes

Levels and vault maps discovered:
D:1:      onia_arrival_handbag, layout_basic, minmay_misc_feat_diagonals
D:2:      layout_basic, hellmonk_ecumenical_altar_arch_garden, uniq_natasha

Skill      XL: |  1  2  3 |
---------------+----------+-----
Fighting       | 2 |  2.1
Dodging        | |  2.8
Unarmed Combat | |  3.5
Shapeshifting  | |  3.4

Action                     |  1- 3 |  4- 6 || total
---------------------------+-------+-------++-------
  Melee: Unarmed           |    54 |       ||    54
         Constrict         |    17 |       ||    17
         Tentacles         |    10 |       ||    10
         Short sword       |    15 |     7 ||    22
         Punch             |     1 |       ||     1
    Use: Potion            |       |     3 ||     3
   Stab: Sleeping          |    10 |       ||    10
 Armour: Skin              |     9 |     2 ||    11
  Dodge: Dodged            |    25 |       ||    25

Table legend: (Time is in decaauts)
 A = Elapsed time spent in this place.
 B = Non-inter-level travel time spent in this place.
 C = Inter-level travel time spent in this place.
 D = Time resting spent in this place.
 E = Time spent auto-exploring this place.
 F = Levels seen in this place.
 G = Mean time per level.
                   A        B        C        D        E       F      G
               +--------+--------+--------+--------+--------+-----+--------+
         Total |   1536 |   1533 |      3 |    703 |    553 |   2 |  768.0 |
       Dungeon |   1536 |   1533 |      3 |    703 |    553 |   2 |  768.0 |
               +--------+--------+--------+--------+--------+-----+--------+

Top non-repeatable levels by time:
     D:1: 1302 daAuts
     D:2: 234 daAuts
